 Dungeon Sprint DCSS version 0.19.1 (webtiles) character file.

90003 equalderp2856 the Sabretooth (level 12, -14/60 HPs)
             Began as a Felid Fighter on Dec 1, 2016.
             Was an Initiate of Gozag.
             Demolished by a deep elf blademaster
             ... wielding a +0 short sword
              (17 damage)
             ... in the Dungeon (Sprint IX: "|||||||||||||||||||||||||||||").
             The game lasted 00:37:37 (11272 turns).

equalderp2856 the Sabretooth (Felid Fighter)       Turns: 11272, Time: 00:37:38

Health: -14/60     AC:  3    Str: 19    XL:     12   Next: 94%
Magic:  13/13      EV: 53    Int: 15    God:    Gozag
Gold:   11724      SH:  0    Dex: 23    Spells: 6 memorised, 2 levels left
                                        Lives:  0   Deaths: 4

rFire  . . .     SeeInvis +       - Unarmed
rCold  + . .     Gourm    .     (armour unavailable)
rNeg   . . .     Faith    .     (shield unavailable)
rPois  .         Spirit   .     (helmet unavailable)
rElec  .         Reflect  .     (cloak unavailable)
rCorr  .         Harm     .     (gloves unavailable)
MR     +....     NoTele   +     (boots unavailable)
Stlth  ++++++++++               (no amulet)
                                G - +4 ring of evasion
                                H - +4 ring of evasion

@: mighty, brilliant, agile, gold aura, hasted, very quick
A: no armour, no weapons or thrown items, stealth, claws 1, fangs 3, see
invisible, carnivore 3, speed 1, shaggy fur 3, slow metabolism 1, sharp paws
a: Potion Petition, Call Merchant, Bribe Branch, Renounce Religion
}: 4/15 runes: decaying, serpentine, barnacled, gossamer


You were in the Dungeon.
You worshipped Gozag.
Gozag was extremely pleased with you.
You were not hungry.

You visited 1 branch You collected 26956 gold pieces.
You spent 2051 gold pieces at shops.
You paid 13181 gold pieces to Gozag.

Inventory:

Jewellery
 m - a +3 ring of intelligence
 n - a +2 ring of evasion
 C - an uncursed ring of protection from fire
 D - an uncursed ring of fire
 E - an uncursed ring of poison resistance
 F - an uncursed ring of wizardry
 G - a +4 ring of evasion (right paw)
 H - a +4 ring of evasion (left paw)
 I - a +4 ring of evasion
 J - an uncursed amulet of regeneration
 L - the amulet "Tikit" {rC+ rN+ Regen+ Str+2 Int+4}
   (You found it in the Dungeon)

   [amulet of regeneration]

   It affects your strength (+2).
   It affects your intelligence (+4).
   It protects you from cold.
   It protects you from negative energy.
   It increases your rate of regeneration.
 M - the amulet "Geto" {RegenMP Dex+3}
   (You found it in the Dungeon)

   [amulet of magic regeneration]

   It increases your magic regeneration.
   It affects your dexterity (+3).
 N - the ring "Quhev" {Int-2 Slay+6}
   (You found it in the Dungeon)

   [ring of intelligence]

   It affects your intelligence (-2).
   It affects your accuracy and damage with ranged weapons and melee attacks
   (+6).
 O - the ring "Bubitt" {rF+ Stlth+}
   (You found it in the Dungeon)

   [ring of protection from fire]

   It protects you from fire.
   It makes you more stealthy.
 P - the ring of Daffitink {rPois rF+ Str+3}
   (You found it in the Dungeon)

   [ring of poison resistance]

   It affects your strength (+3).
   It protects you from fire.
   It protects you from poison.
Wands
 l - a wand of lightning (7/15)
 x - a wand of iceblast (4/15)
 y - a wand of lightning (6/15)
 z - a wand of confusion (13/48)
 A - a wand of paralysis (15/24)
 S - a wand of hasting (5/9)
Scrolls
 h - 5 scrolls of blinking
 j - 4 scrolls of remove curse
 k - 2 scrolls of amnesia
 q - 3 scrolls of fear
 r - 6 scrolls of identify
 Q - a scroll of fog
 R - a scroll of recharging
Potions
 a - 3 potions of might
 c - 4 potions of curing
 d - a potion of invisibility
 e - 4 potions of haste
 f - 4 potions of magic
 g - 6 potions of berserk rage
 i - 2 potions of heal wounds
 o - 2 potions of agility
 p - 4 potions of cure mutation
 K - 2 potions of brilliance
Books
 t - a book of Cantrips

   Spells                             Type                      Level
   a - Confusing Touch                Hexes                        1
   b - Animate Skeleton               Necromancy                   1
   c - Summon Small Mammal            Summoning                    1
   d - Apportation                    Translocation                1
 u - a book of Maledictions

   Spells                             Type                      Level
   a - Corona                         Hexes                        1
   b - Ensorcelled Hibernation        Hexes/Ice                    2
   c - Confuse                        Hexes                        3
   d - Tukima's Dance                 Hexes                        3
   e - Dazzling Spray                 Conjuration/Hexes            3
 v - a book of Minor Magic

   Spells                             Type                      Level
   a - Magic Dart                     Conjuration                  1
   b - Blink                          Translocation                2
   c - Call Imp                       Summoning                    2
   d - Repel Missiles                 Charms/Air                   2
   e - Slow                           Hexes                        2
   f - Conjure Flame                  Conjuration/Fire             3
   g - Mephitic Cloud                 Conjuration/Poison/Air       3
 B - a book of Misfortune

   Spells                             Type                      Level
   a - Confusing Touch                Hexes                        1
   b - Confuse                        Hexes                        3
   c - Gell's Gravitas                Hexes/Translocation          3
   d - Petrify                        Transmutation/Earth          4
   e - Metabolic Englaciation         Hexes/Ice                    5
   f - Yara's Violent Unravelling     Hexes/Transmutation          5
Miscellaneous
 w - a sack of spiders
Comestibles
 b - 9 meat rations
 s - a slice of pizza


   Skills:
 + Level 11.2 Fighting
 + Level 23.2 Dodging
 + Level 26.6 Stealth
 O Level 27 Unarmed Combat


You had 2 spell levels left.
You knew the following spells:

 Your Spells              Type           Power        Failure   Level  Hunger
a - Animate Skeleton      Necr           N/A          3%          1    ##.....
b - Blink                 Tloc           N/A          4%          2    ###....
c - Confusing Touch       Hex            #.....       3%          1    ##.....
d - Repel Missiles        Chrm/Air       #.....       4%          2    ###....
e - Corona                Hex            #......      3%          1    ##.....
f - Ensorcelled Hibernat  Hex/Ice        #.....       4%          2    ###....


Dungeon Overview and Level Annotations

Branches:
Dungeon (1/1)

Altars:
Cheibriados
Dithmenos
Elyvilon
Fedhas
Gozag
Hepliaklqana
Kikubaaqudgha
Makhleb
Nemelex Xobeh
Okawaru
Qazlal
Ru
Sif Muna
Trog
Uskayaw
Vehumet
Xom
Yredelemnul
Zin
The Shining One
Beogh
Jiyva
Lugonu

Shops:
D [!}:


Innate Abilities, Weirdness & Mutations

You cannot wear armour.
You are incapable of wielding weapons or throwing items.
Your paws allow you to move quietly. (Stealth)
You have sharp claws.
You have razor-sharp teeth.
You have supernaturally acute eyesight. (SInv)
You are carnivorous and can eat meat at any time.
You cover ground quickly.
Your thick and shaggy fur keeps you warm. (AC +3, rC+)
You have a slow metabolism.
Your sharp claws are effective at attacking unaware monsters.


Message History

Your deep elf sorcerer dies!
The deep elf blademaster completely misses you.
The deep elf blademaster hits you with a short sword!!
* * * LOW HITPOINT WARNING * * *
The deep elf high priest is distracted by the nearby gold.
The deep elf demonologist is distracted by the nearby gold.
The deep elf death mage beckons forth a restless soul! [a] - 345 gold - invisibility, agility and flight [b] - 551 gold - heal wounds, haste and agility [c] - 756 gold - might, agility, brilliance, heal wounds and haste Purchase which effect?
You feel very mighty all of a sudden.
You feel agile all of a sudden.
You feel clever all of a sudden.
You feel much better.
You feel yourself speed up.
The deep elf demonologist is no longer distracted by gold.
The deep elf blademaster hits you with a short sword!!
* * * LOW HITPOINT WARNING * * *
The deep elf blademaster hits you with a short sword!
You die...
Your body crumbles into a pile of gold.
Dd.DD.'

▓▓▓▓▓▓▓ ▓▓▓▓▓▓▓▓▓▓▓▓
............
▓▓▓▓▓▓▓▓▓▓▓▓♣♣♣♣♣♣♣♣♣♣♣♣▓▓
e)eeee3eV@e$§))).....))'..
▓▓▓▓▓▓▓▓▓▓▓▓♣♣♣♣♣♣♣♣♣♣♣♣▓▓


You could see a deep elf blademaster, a neutral deep elf blademaster, a neutral
deep elf annihilator, a neutral deep elf death mage, a neutral deep elf
demonologist, a neutral deep elf high priest, a neutral smoke demon and a
friendly vampire knight.

Vanquished Creatures
  Mara (D)
  A golden dragon (D)
  A storm dragon (D)
  A frost giant (D)
  2 emperor scorpions (D)
  3 ghost moths (D)
  A stone giant (D)
  2 very ugly things (D)
  2 vampire knights (D)
  A spark wasp (D)
  Azrael (D)
  A deep elf demonologist (D)
  An ettin (D)
  Snorg (D)
  2 merfolk impalers (D)
  3 fire dragons (D)
  2 ice dragons (D)
  7 vault guards (D)
  2 hydras (D)
  Erica (D)
  A centaur warrior (D)
  A tengu warrior (D)
  5 orc high priests (D)
  A swamp dragon (D)
  Sonja (D)
  Nergalle (D)
  A shambling mangrove (D)
  A glowing orange brain (D)
  A sea snake (D)
  A deep elf archer (D)
  An orc knight (D)
  A necromancer (D)
  2 wolf spiders (D)
  A manticore (shapeshifter) (D)
  2 manticores (D)
  2 ugly things (D)
  4 moths of wrath (D)
  2 yaktaurs (D)
  A vault sentinel (D)
  A guardian serpent (D)
  2 black mambas (D)
  6 spiny frogs (D)
  A rime drake (D)
  A kobold demonologist (D)
  A demonic crawler (D)
  A merfolk (D)
  A wind drake (D)
  A troll (D)
  A jumping spider (D)
  A tyrant leech (D)
  A blink frog (shapeshifter) (D)
  A blink frog (D)
  2 slime creatures (D)
  2 hornets (D)
  A bog body (D)
  A water elemental (D)
  A redback (D)
  A shadow (D)
  7 spriggans (D)
  3 basilisks (D)
  2 yaks (D)
  2 fire elementals (D)
  5 hogs (D)
  An insubstantial wisp (D)
  2 wargs (D)
  2 mottled dragons (D)
  5 hell hounds (D)
  A porcupine (D)
  An ice beast (D)
  2 water moccasins (D)
  A phantom (D)
  11 orc warriors (D)
  A swamp drake (D)
  A sky beast (D)
  3 wolves (D)
  3 crocodiles (D)
  A hound (D)
  2 jellies (D)
  10 orc priests (D)
  3 orc wizards (D)
  5 worker ants (D)
  An adder (D)
  A shadow imp (D)
  An adder simulacrum (D)
  2 leopard geckos (D)
  10 orcs (D)
  A frilled lizard (D)
  A jackal skeleton (D)
  2 kobolds (D)
  A leopard gecko skeleton (D)
  A rat (D)
188 creatures vanquished.

Vanquished Creatures (collateral kills)
  Xtahua (D)
  Nikola (D)
  A deep elf sorcerer (D)
  An emperor scorpion (D)
  2 vampire knights (D)
  A spark wasp (D)
  A spriggan air mage (D)
  3 hydras (D)
  An ice dragon (D)
  6 vault guards (D)
  An alligator (D)
  A swamp dragon (D)
  A shock serpent (D)
  2 naga magi (D)
  A flayed ghost (D)
  A naga ritualist (D)
  2 orb spiders (D)
  A hornet (D)
  2 wolf spiders (D)
  A manticore (D)
  A cyclops (D)
  A freezing wraith (D)
  A demonic crawler (D)
  A spriggan (D)
  A troll (shapeshifter) (D)
  2 hogs (D)
  2 tarantellas (D)
  A yak (shapeshifter) (D)
  A naga (D)
  A hell hound (D)
43 creatures vanquished.

Vanquished Creatures (others)
  An ancient lich (D)
  Mennas (D)
  Rupert (D)
  A lich (D)
  A tentacled monstrosity (D)
  A titan (D)
  Kirke (D)
  A tengu reaver (D)
  Nessos (D)
  Ilsuiw (D)
  6 nagarajas (D)
  3 vault wardens (D)
  A deep elf sorcerer (D)
  3 stone giants (D)
  2 ironheart preservers (D)
  A deep elf demonologist (D)
  An entropy weaver (D)
  4 vampire knights (D)
  A red draconian (D)
  A centaur warrior (D)
  2 naga warriors (D)
  A fire dragon (D)
  A merfolk impaler (D)
  3 ettins (D)
  4 merfolk javelineers (D)
  2 swamp dragons (D)
  2 yaktaur captains (D)
  11 vault guards (D)
  3 hydras (D)
  2 great orbs of eyes (D)
  A naga sharpshooter (D)
  3 merfolk aquamancers (D)
  3 merfolk avatars (D)
  A spriggan berserker (D)
  A salamander mystic (D)
  A wizard (D)
  An ironbrand convoker (D)
  An orc knight (D)
  A necromancer (D)
  A deep elf mage (D)
  A vault sentinel (D)
  2 guardian serpents (D)
  A naga mage (D)
  A yaktaur (D)
  A wind drake (D)
  3 spriggans (D)
  A yak (shapeshifter) (D)
  2 nagas (D)
90 creatures vanquished.

Grand Total: 321 creatures vanquished

Notes
Turn   | Place    | Note
-------+----------+-------------------------------------------
     0 | D        | equalderp2856 the Felid Fighter began the quest for the Orb.
     0 | D        | Reached XP level 1. HP: 10/10 MP: 2/2
    18 | D        | Reached skill level 5 in Unarmed Combat
   259 | D        | Noticed a jelly
   259 | D        | Noticed a phantom
   259 | D        | Noticed a worker ant
   266 | D        | Killed a worker ant
   266 | D        | Reached skill level 5 in Dodging
   266 | D        | Reached skill level 6 in Unarmed Combat
   266 | D        | Reached XP level 2. HP: 14/15 MP: 3/3
   266 | D        | Reached XP level 3. HP: 17/18 MP: 4/4
   286 | D        | Reached skill level 7 in Unarmed Combat
   286 | D        | Reached XP level 4. HP: 21/22 MP: 5/5
   317 | D        | Killed a phantom
   317 | D        | Reached skill level 5 in Fighting
   317 | D        | Reached skill level 9 in Unarmed Combat
   317 | D        | Reached XP level 5. HP: 10/26 MP: 6/6
   526 | D        | Found a roughly hewn altar of Beogh.
   526 | D        | Found a snail-covered altar of Cheibriados.
   526 | D        | Found a shadowy altar of Dithmenos.
   526 | D        | Found a white marble altar of Elyvilon.
   526 | D        | Found a blossoming altar of Fedhas.
   526 | D        | Found an opulent altar of Gozag.
   527 | D        | Found a hazy altar of Hepliaklqana.
   528 | D        | Found a viscous altar of Jiyva.
   529 | D        | Found an ancient bone altar of Kikubaaqudgha.
   530 | D        | Found a corrupted altar of Lugonu.
   531 | D        | Found a burning altar of Makhleb.
   532 | D        | Found a sparkling altar of Nemelex Xobeh.
   533 | D        | Found an iron altar of Okawaru.
   534 | D        | Found a stormy altar of Qazlal.
   535 | D        | Found a sacrificial altar of Ru.
   536 | D        | Found a deep blue altar of Sif Muna.
   540 | D        | Became a worshipper of Gozag Ym Sagoz the Greedy
   544 | D        | Found a bloodstained altar of Trog.
   545 | D        | Found a hide-covered altar of Uskayaw.
   546 | D        | Found a radiant altar of Vehumet.
   547 | D        | Found a shimmering altar of Xom.
   548 | D        | Found a basalt altar of Yredelemnul.
   549 | D        | Found a glowing silver altar of Zin.
   550 | D        | Found a glowing golden altar of the Shining One.
   595 | D        | Reached skill level 10 in Unarmed Combat
   764 | D        | Noticed a slime creature
   764 | D        | Noticed a centaur warrior
   764 | D        | Noticed a sky beast
   766 | D        | Gained mutation: You are covered in thick fur. (AC +2) [Felid growth]
   766 | D        | Reached XP level 6. HP: 31/31 MP: 7/7
   770 | D        | Killed a sky beast
   770 | D        | Reached skill level 1 in Stealth
   770 | D        | Reached skill level 11 in Unarmed Combat
   775 | D        | Killed a centaur warrior
   775 | D        | Reached skill level 13 in Unarmed Combat
   775 | D        | Reached XP level 7. HP: 36/36 MP: 8/8
   782 | D        | Killed a slime creature
   782 | D        | Reached skill level 14 in Unarmed Combat
   782 | D        | Reached XP level 8. HP: 19/40 MP: 9/9
  1001 | D        | Noticed a spiny frog
  1001 | D        | Noticed a spiny frog
  1001 | D        | Noticed a black mamba
  1015 | D        | Noticed a spiny frog
  1020 | D        | Killed a black mamba
  1020 | D        | Reached skill level 15 in Unarmed Combat
  1384 | D        | Reached XP level 9. HP: 44/44 MP: 10/10
  1393 | D        | Killed a spiny frog
  1393 | D        | Reached skill level 16 in Unarmed Combat
  1396 | D        | Killed a spiny frog
  1396 | D        | Reached skill level 5 in Stealth
  1676 | D        | Killed a spiny frog
  1685 | D        | Reached skill level 17 in Unarmed Combat
  1807 | D        | Noticed a spiny frog
  1807 | D        | Noticed a rime drake
  1818 | D        | Killed a rime drake
  1823 | D        | Killed a spiny frog
  1842 | D        | Reached XP level 10. HP: 35/49 MP: 11/11
  1851 | D        | Reached skill level 18 in Unarmed Combat
  2092 | D        | Killed from afar by a hell hound
  2093 | D        | Reached XP level 9. HP: -9/45 MP: 10/10
  2134 | D        | Noticed Sonja
  2141 | D        | Killed Sonja
  2166 | D        | Found Dumaeck's Armour Shop.
  2166 | D        | Noticed an orc high priest
  2166 | D        | Noticed an orc high priest
  2170 | D        | Found Jymam's Distillery.
  2173 | D        | Killed an orc high priest
  2173 | D        | Reached skill level 19 in Unarmed Combat
  2174 | D        | Noticed an orc high priest
  2176 | D        | Noticed an ice devil
  2179 | D        | HP: 1/45 [orc priest/divine providence (10)]
  2180 | D        | Killed from afar by an orc priest
  2181 | D        | Reached XP level 8. HP: -13/42 MP: 9/9
  2257 | D        | Reached XP level 9. HP: 45/45 MP: 10/10
  2494 | D        | Noticed Erica
  2506 | D        | Killed Erica
  2506 | D        | Reached skill level 15 in Dodging
  2819 | D        | Noticed an orc knight
  2950 | D        | Killed an orc knight
  2950 | D        | Reached skill level 20 in Unarmed Combat
  3013 | D        | Reached XP level 10. HP: 27/49 MP: 11/11
  3330 | D        | Found Yghufyef's Book Boutique.
  3330 | D        | Noticed an orc high priest
  3330 | D        | Noticed an orc high priest
  3333 | D        | Found Ysuss's Gadget Shop.
  3339 | D        | Killed an orc high priest
  3345 | D        | Killed an orc high priest
  3345 | D        | Reached skill level 10 in Stealth
  3408 | D        | Killed an orc high priest
  3408 | D        | Reached skill level 21 in Unarmed Combat
  3459 | D        | Killed an orc high priest
  3599 | D        | Bought a book of Cantrips for 220 gold pieces
  3599 | D        | Bought a book of Maledictions for 275 gold pieces
  3599 | D        | Bought a book of Minor Magic for 220 gold pieces
  3601 | D        | Bought a sack of spiders for 280 gold pieces
  3601 | D        | Bought a wand of iceblast (4/15) for 112 gold pieces
  3601 | D        | Bought a wand of lightning (6/15) for 140 gold pieces
  3601 | D        | Bought a wand of confusion (13/48) for 156 gold pieces
  3601 | D        | Bought a wand of paralysis (15/24) for 238 gold pieces
  3609 | D        | Bought 2 potions of curing for 60 gold pieces
  3609 | D        | Bought a potion of heal wounds for 50 gold pieces
  3609 | D        | Bought a potion of curing for 30 gold pieces
  3609 | D        | Bought a potion of heal wounds for 50 gold pieces
  3617 | D        | Bought a book of Misfortune for 220 gold pieces
  3636 | D        | Learned a level 1 spell: Animate Skeleton
  3639 | D        | Learned a level 2 spell: Blink
  3641 | D        | Learned a level 1 spell: Confusing Touch
  3644 | D        | Learned a level 2 spell: Repel Missiles
  3646 | D        | Learned a level 1 spell: Corona
  3649 | D        | Learned a level 2 spell: Ensorcelled Hibernation
  3783 | D        | Noticed a manticore
  3785 | D        | Killed a manticore
  3799 | D        | Reached XP level 11. HP: 50/53 MP: 12/12
  3800 | D        | Noticed a tengu warrior
  3886 | D        | Killed a tengu warrior
  3906 | D        | Noticed a green ugly thing
  3907 | D        | Noticed an ice dragon
  3908 | D        | Noticed a yaktaur captain
  3909 | D        | Noticed a stone giant
  3910 | D        | Noticed an ice dragon
  3911 | D        | Noticed a cyan ugly thing
  3917 | D        | Killed a green ugly thing
  3917 | D        | Reached skill level 22 in Unarmed Combat
  3936 | D        | Killed an ice dragon
  4287 | D        | Killed an ice dragon
  4316 | D        | Killed a cyan ugly thing
  4505 | D        | Noticed Snorg
  4518 | D        | Killed Snorg
  4546 | D        | Noticed Nessos
  4549 | D        | Noticed Azrael
  4574 | D        | Killed Azrael
  4732 | D        | Noticed a naga sharpshooter
  4732 | D        | Noticed a shock serpent
  4732 | D        | Noticed a naga warrior
  4733 | D        | Noticed a naga ritualist
  4734 | D        | Noticed a salamander mystic
  4735 | D        | Killed a shock serpent
  4735 | D        | Reached skill level 23 in Unarmed Combat
  4740 | D        | Killed a naga ritualist
  4740 | D        | Killed a salamander mystic
  4748 | D        | Killed a naga mage
  4962 | D        | Noticed an orb spider
  4962 | D        | Noticed an orb spider
  4962 | D        | Noticed a wolf spider
  4962 | D        | Noticed a wolf spider
  4966 | D        | Killed a wolf spider
  4971 | D        | Killed a wolf spider
  4976 | D        | Killed an orb spider
  4994 | D        | Killed an orb spider
  5003 | D        | Noticed an emperor scorpion
  5014 | D        | Killed an emperor scorpion
  5014 | D        | Gained mutation: Your thick and shaggy fur keeps you warm. (AC +3, rC+) [Felid growth]
  5014 | D        | Reached XP level 12. HP: 23/57 MP: 13/13
  5207 | D        | Noticed a merfolk javelineer
  5223 | D        | Your ally died
  5446 | D        | Killed a merfolk javelineer
  5704 | D        | Noticed a seven-headed hydra
  5707 | D        | Reached skill level 15 in Stealth
  5707 | D        | Reached skill level 24 in Unarmed Combat
  5753 | D        | Killed a seven-headed hydra
  6008 | D        | Noticed a tentacled monstrosity
  6008 | D        | Noticed a great orb of eyes
  6008 | D        | Noticed an ice dragon
  6008 | D        | Noticed a yaktaur captain
  6008 | D        | Noticed a green very ugly thing
  6008 | D        | Noticed a fire dragon
  6010 | D        | Killed an ice dragon
  6010 | D        | Killed a great orb of eyes
  6022 | D        | Killed a tentacled monstrosity
  6222 | D        | Killed a fire dragon
  6225 | D        | Noticed an ettin
  6234 | D        | Killed an ettin
  6242 | D        | Noticed a stone giant
  6243 | D        | Noticed a spark wasp
  6245 | D        | Noticed a fire dragon
  6246 | D        | Killed a spark wasp
  6251 | D        | Killed a green very ugly thing
  6259 | D        | Noticed a tengu reaver
  6391 | D        | Noticed a white very ugly thing
  6395 | D        | Killed a fire dragon
  6395 | D        | Reached skill level 25 in Unarmed Combat
  6490 | D        | Killed a yaktaur captain
  6703 | D        | Killed a white very ugly thing
  6703 | D        | Reached skill level 10 in Fighting
  6774 | D        | Noticed a great orb of eyes
  6789 | D        | Noticed a death knight
  6789 | D        | Noticed a vault warden
  6796 | D        | Noticed an ogre mage
  6797 | D        | Noticed a centaur warrior
  6800 | D        | Noticed an entropy weaver
  6801 | D        | Noticed an ironheart preserver
  6821 | D        | Noticed a vault warden
  6826 | D        | Reached XP level 13. HP: 61/61 MP: 14/14
  6828 | D        | Killed an entropy weaver
  6952 | D        | Noticed Nergalle
  6960 | D        | Killed Nergalle
  7084 | D        | Noticed Mennas
  7094 | D        | Noticed Nikola
  7106 | D        | Killed Nikola
  7124 | D        | Noticed Xtahua
  7137 | D        | Your ally died
  7162 | D        | Killed Xtahua
  7380 | D        | Noticed Mara
  7387 | D        | Killed Mara
  7387 | D        | Reached skill level 26 in Unarmed Combat
  7405 | D        | Noticed a nagaraja
  7405 | D        | Noticed a nagaraja
  7405 | D        | Noticed a nagaraja
  7405 | D        | Noticed a nagaraja
  7406 | D        | Noticed a nagaraja
  7408 | D        | Noticed a nagaraja
  7630 | D        | Got a serpentine rune of Zot
  7639 | D        | Noticed a merfolk javelineer
  7639 | D        | Noticed a merfolk javelineer
  7639 | D        | Noticed a merfolk impaler
  7640 | D        | Noticed Ilsuiw
  7645 | D        | Killed a merfolk impaler
  7646 | D        | Noticed a merfolk impaler
  7649 | D        | Noticed a merfolk impaler
  7650 | D        | Noticed a merfolk javelineer
  7653 | D        | Killed a merfolk impaler
  7656 | D        | Got a barnacled rune of Zot
  7671 | D        | Killed a merfolk javelineer
  7704 | D        | Killed Ilsuiw
  7708 | D        | Killed a merfolk javelineer
  7721 | D        | Killed a merfolk impaler
  7728 | D        | Killed a nagaraja
  7755 | D        | Killed a nagaraja
  7916 | D        | Killed a nagaraja
  8149 | D        | Reached skill level 27 in Unarmed Combat
  8372 | D        | Got a decaying rune of Zot
  8379 | D        | Noticed an emperor scorpion
  8379 | D        | Noticed a ghost moth
  8382 | D        | Noticed a ghost moth
  8383 | D        | Killed a ghost moth
  8384 | D        | Noticed a ghost moth
  8438 | D        | Killed an emperor scorpion
  8679 | D        | Noticed an emperor scorpion
  8698 | D        | Killed a ghost moth
  9066 | D        | Killed a ghost moth
  9066 | D        | Reached XP level 14. HP: 41/66 MP: 6/15
  9512 | D        | Killed an emperor scorpion
  9601 | D        | Noticed Kirke
  9676 | D        | Your ally died
 10029 | D        | Noticed a titan
 10029 | D        | Noticed a frost giant
 10029 | D        | Noticed a stone giant
 10149 | D        | Got a gossamer rune of Zot
 10425 | D        | Noticed a vault warden
 10426 | D        | Killed a stone giant
 10427 | D        | Noticed a vault warden
 10436 | D        | Killed a frost giant
 10446 | D        | Killed a titan
 10448 | D        | Killed a stone giant
 10450 | D        | Killed a vault warden
 10463 | D        | Noticed an ironheart preserver
 10465 | D        | Noticed a shadow dragon
 10465 | D        | Killed a vault warden
 10676 | D        | Killed from afar by a shadow dragon
 10677 | D        | Reached XP level 13. HP: -2/63 MP: 14/14
 10682 | D        | Got the amulet "Tikit" {rC+ rN+ Regen+ Str+2 Int+4}
 10684 | D        | Got the amulet "Geto" {RegenMP Dex+3}
 10686 | D        | Got the ring "Quhev" {Int-2 Slay+6}
 10688 | D        | Got the ring "Bubitt" {rF+ Stlth+}
 10690 | D        | Got the ring of Daffitink {rPois rF+ Str+3}
 10812 | D        | Noticed Rupert
 10839 | D        | Noticed a stone giant
 10839 | D        | Noticed a storm dragon
 10839 | D        | Noticed an ettin
 10839 | D        | Noticed a spark wasp
 10839 | D        | Noticed a golden dragon
 10840 | D        | Noticed an ettin
 10843 | D        | Noticed an ettin
 10844 | D        | Killed an ettin
 10855 | D        | Killed a golden dragon
 10860 | D        | Killed a spark wasp
 10863 | D        | Killed a storm dragon
 10875 | D        | Noticed a bone dragon
 10875 | D        | Noticed a red draconian
 10875 | D        | Noticed a fire dragon
 10875 | D        | Noticed a fire dragon
 10885 | D        | Killed a red draconian
 10889 | D        | Killed a fire dragon
 10892 | D        | Killed an ettin
 10893 | D        | Killed a stone giant
 10909 | D        | Killed a fire dragon
 10923 | D        | Mangled by a bone dragon
 10924 | D        | Reached XP level 12. HP: -9/60 MP: 13/13
 10943 | D        | Killed Rupert
 10958 | D        | Noticed an ancient lich
 10958 | D        | Noticed a vampire knight
 10958 | D        | Noticed a lich
 10958 | D        | Noticed a vampire knight
 10958 | D        | Noticed a vampire knight
 10958 | D        | Noticed a vampire knight
 10966 | D        | Killed a vampire knight
 10970 | D        | Killed a vampire knight
 10972 | D        | Killed an ancient lich
 10983 | D        | Killed a vampire knight
 11000 | D        | Noticed a vampire knight
 11001 | D        | Noticed a vampire knight
 11008 | D        | Killed a vampire knight
 11008 | D        | Killed a vampire knight
 11013 | D        | Noticed a vampire knight
 11014 | D        | Noticed a vampire knight
 11028 | D        | Killed a vampire knight
 11034 | D        | Killed a vampire knight
 11257 | D        | Noticed a deep elf demonologist
 11257 | D        | Noticed a deep elf sorcerer
 11257 | D        | Noticed a deep elf high priest
 11257 | D        | Noticed a deep elf blademaster
 11257 | D        | Noticed a deep elf demonologist
 11257 | D        | Noticed a deep elf sorcerer
 11258 | D        | Noticed a deep elf blademaster
 11259 | D        | Noticed a deep elf annihilator
 11260 | D        | Noticed a deep elf death mage
 11261 | D        | Noticed a deep elf demonologist
 11262 | D        | Noticed a deep elf high priest
 11267 | D        | Killed a deep elf demonologist
 11267 | D        | Killed a deep elf demonologist
 11271 | D        | HP: 1/60 [deep elf blademaster/short sword (21)]
 11272 | D        | Demolished by a deep elf blademaster

Skill      XL: |  1  2  3  4  5  6  7  8  9 10 11 12 13 14 |
---------------+-------------------------------------------+-----
Unarmed Combat | 6 7 9 10 13 14 15 20 21 23 25 27 | 27.0
Fighting       | 4 5 7 9 10 11 | 11.2
Dodging        | 5 6 7 8 11 12 15 16 17 23 22 21 | 23.2
Stealth        | 3 4 9 11 14 17 26 25 | 26.6

Action                   |  1- 3 |  4- 6 |  7- 9 | 10-12 | 13-15 || total
-------------------------+-------+-------+-------+-------+-------++-------
Melee: Unarmed           |    33 |    45 |   200 |   317 |   202 ||   797
       Bite              |     2 |     4 |    20 |    34 |    29 ||    89
       Punch             |     1 |       |    21 |    30 |    25 ||    77
Invok: Potion Petition   |       |       |       |     4 |     5 ||     9
       Bribe Branch      |       |       |       |     1 |     2 ||     3
  Use: Potion            |     1 |       |     5 |     1 |     5 ||    12
       Scroll            |       |       |       |     2 |       ||     2
 Stab: Sleeping          |       |     2 |     1 |     3 |     7 ||    13
       Distracted        |       |       |     2 |    10 |     7 ||    19
       Invisible         |       |       |       |     7 |       ||     7
  Eat: Meat ration       |       |       |     1 |     1 |     2 ||     4
Armor: Skin              |     1 |     1 |       |     6 |     2 ||    10
Dodge: Dodged            |    20 |    26 |   122 |   217 |   171 ||   556
